 Dungeon Crawl Stone Soup version 0.29-a0-613-gf2c431b9b9 (webtiles) character file.

Game seed: 13176182667256525656

3104 Vylera the Thaumaturge (level 10, -10/62 HPs)
             Began as a Djinni Wanderer on June 17, 2022.
             Was a Believer of the Shining One.
             Mangled by a two-headed ogre
             ... wielding a +0 giant spiked club
              (20 damage)
             ... on level 7 of the Dungeon.
             The game lasted 00:15:54 (8251 turns).

Vylera the Thaumaturge (Djinni Wanderer)            Turns: 8251, Time: 00:15:55

Health: -10/62     AC: 13    Str:  8    XL:     10   Next: 13%
Gold:   519        EV: 10    Int: 17    God:    the Shining One [**....] SH:  0 Dex: 23

rFire   + + +      SeeInvis .   b - +0 arbalest
rCold   x . .      Faith    .   (shield currently unavailable)
rNeg    + . .      Spirit   .   F - +2 ring mail {rF+}
rPois   ∞          Reflect  .   A - +0 helmet
rElec   .          Harm     .   (no cloak)
rCorr   .          Rampage  .   (no gloves)
Will    +....                   (boots unavailable)
Stlth   +.........              (no amulet)
HPRegen 0.20/turn               l - +6 ring of dexterity
MPRegen 0.00/turn               w - +4 ring of protection

@: flying, glowing
A: sickness immunity, fire resistance 2, cold vulnerability 1, float, innate
caster, HP casting, extra vitality 1
a: Renounce Religion, Divine Shield


You were on level 7 of the Dungeon.
You worshipped the Shining One.
The Shining One was pleased with you.
You visited 1 branch of the dungeon, and saw 7 of its levels.
You also visited: Sewer.

You collected 519 gold pieces.

Inventory:

Hand Weapons
 a - a +2 short sword
 b - a +0 arbalest (weapon)
Missiles
 t - 12 poisoned darts
Armour
 d - a +0 robe
 A - a +0 helmet (worn)
 B - a +0 helmet
 F - a +2 ring mail of fire resistance (worn)
 G - a +1 leather armour of fire resistance
Jewellery
 l - a +6 ring of dexterity (left hand)
 w - a +4 ring of protection (right hand)
 x - an amulet of faith
Wands
 m - a wand of polymorph (14)
Scrolls
 c - 5 scrolls of teleportation
 f - 2 scrolls of fog
 k - 2 scrolls of magic mapping
 n - 3 scrolls of vulnerability {unknown}
 p - 2 scrolls of identify {unknown}
 r - a scroll of enchant armour {unknown}
 u - 2 scrolls of noise {unknown}
 y - a scroll of fear {unknown}
 z - a scroll of blinking
 C - a scroll of amnesia {unknown}
 E - a scroll of poison {unknown}
Potions
 e - a potion of might {unknown}
 g - 2 potions of lignification {unknown}
 h - 2 potions of curing {unknown}
 i - a potion of ambrosia {unknown}
 j - 4 potions of degeneration {unknown}
 o - a potion of attraction {unknown}
 q - 2 potions of magic {unknown}
 s - a potion of heal wounds {unknown}
 v - a potion of haste {unknown}
 D - a potion of brilliance {unknown}
 H - a potion of flight {unknown}
 I - a potion of invisibility {unknown}


   Skills:
 - Level 1.0 Fighting
 - Level 2.6 Short Blades
 + Level 6.0 Crossbows
 - Level 4.3 Armour
 + Level 0.9 Dodging
 - Level 2.4 Stealth
 + Level 8.2 Spellcasting
 + Level 0.7 Invocations


You had 11 spell levels left.
You knew the following spells:

 Your Spells              Type           Power      Damage    Failure   Level
a - Beastly Appendage     Tmut           70%        N/A       1%          1
b - Ignite Poison         Fire/Tmut/Pois 35%        N/A       3%          3
c - Apportation           Tloc           70%        N/A       1%          1
d - Ensorcelled Hibernat  Hex/Ice        70%        N/A       1%          2
e - Tukima's Dance        Hex            35%        N/A       3%          3
f - Cause Fear            Hex            17%        N/A       10%         4

Your spell library contained the following spells:

 Spells                   Type           Power      Damage    Failure   Level


Dungeon Overview and Level Annotations

Branches:
Dungeon (7/15)             Temple (0/1) D:4           Sewer (visited)

Altars:
Cheibriados
Qazlal
Ru
Sif Muna
Trog
Uskayaw
Wu Jian
Yredelemnul
Zin
The Shining One

Shops:
D:5 *


Innate Abilities, Weirdness & Mutations

You are immune to sickness and miasma.
You are immune to poison.
Your flesh is very heat resistant. (rF++)
You are vulnerable to cold. (rC-)
You float through the air rather than walking.
You learn spells naturally, not from books.
Your magical power is your life essence.
You have superior vitality. (+4 MHP)


Message History

You feel better.
You start resting.
A two-headed ogre is nearby!
You start resting.
HP restored.
The two-headed ogre shouts in stereo!
You shoot a bolt. The bolt hits the two-headed ogre!!
The two-headed ogre is moderately wounded.
You shoot a bolt. The bolt hits the two-headed ogre.
The two-headed ogre is heavily wounded.
You shoot a bolt. The bolt hits the two-headed ogre!
The two-headed ogre is severely wounded.
You shoot a bolt.
The bolt hits the two-headed ogre but does no damage.
The two-headed ogre is severely wounded.
The two-headed ogre misses you.
The two-headed ogre hits you with a +0 giant spiked club!
You shoot a bolt. The bolt hits the two-headed ogre!
The two-headed ogre is almost dead.
The two-headed ogre hits you with a +0 giant spiked club!!
The two-headed ogre hits you with a +0 giant spiked club!
* * * LOW HITPOINT WARNING * * *
The two-headed ogre closely misses you. The two-headed ogre barely misses you.
You are too injured to fight recklessly!
You are too injured to fight recklessly!
Shoot: b) +0 arbalest
Press: ? - help, Q - select action, (/) - cycle Shift-Dir - straight line, p - two-headed ogre You can't see that place.
You can't see that place.
Okay, then.
Shoot: b) +0 arbalest
Press: ? - help, Q - select action, (/) - cycle Shift-Dir - straight line, f - two-headed ogre
Aim: a two-headed ogre, wielding two +0 giant spiked clubs (almost dead, haloed, 94% to hit)
You shoot a bolt.
The bolt hits the two-headed ogre but does no damage.
The two-headed ogre is almost dead.
The two-headed ogre hits you with a +0 giant spiked club.
* * * LOW HITPOINT WARNING * * *
The two-headed ogre hits you with a +0 giant spiked club!!
You die...

##....# ####.#
#..#.# #.# ##...#
#.# . ####.. #####
#.#
D##..###......###.#
yD#.##?###........#
#O#.#)...###....#.#
#.#.#.....:###....#
#.#....##....)##@.#
#...#......###.O.##
#...#....###...###
../.##.###....##
.##..###....#.# #
####........#####
##......##......##
#..#######...##..#
##.....##.....###.#


You could see a two-headed ogre.

Vanquished Creatures
  A cyclops (D:7)
  A hornet (D:4)
  Sigmund (D:6)
  A wyvern (D:7)
  A vampire mosquito (D:6)
  An acid dragon (D:7)
  2 water moccasins
  3 sky beasts
  An orc warrior (D:6)
  2 black bears
  An ogre (D:5)
  A phantom (D:5)
  A centaur (D:7)
  2 bullfrogs (Sewer)
  A necrophage (D:6)
  2 scorpions
  5 hounds
  2 gnoll shamans
  2 jellies
  3 iguanas
  3 orc wizards (D:6)
  9 adders
  3 gnolls (D:4)
  2 shadow imps
  2 ufetubi
  4 worms
  4 dart slugs
  22 orcs
  14 ball pythons
  A bat (D:1)
  3 endoplasms
  11 giant cockroaches
  18 goblins
  12 hobgoblins
  15 quokkas
  13 frilled lizards
  6 kobolds
  10 rats
186 creatures vanquished.

Notes
Turn   | Place    | Note
-------+----------+-------------------------------------------
     0 | D:1      | Vylera the Djinni Wanderer began the quest for the Orb.
     0 | D:1      | Vylera set off with the following items: a +2 short sword,
                  | a +0 helmet, a scroll of teleportation, a +0 robethe
                  | following spells memorised: Beastly Appendage, Ignite
                  | Poison.
     0 | D:1      | Reached XP level 1. HP: 17/17 MP: 0/0
   194 | D:1      | Reached XP level 2. HP: 12/22 MP: 0/0
   354 | D:1      | Reached skill level 3 in Spellcasting
   623 | D:1      | Reached XP level 3. HP: 20/27 MP: 0/0
   623 | D:1      | Learned a level 1 spell: Apportation
   843 | D:1      | Found a faded altar of an unknown god.
  1350 | D:2      | Reached XP level 4. HP: 26/32 MP: 0/0
  2012 | D:2      | Reached skill level 4 in Spellcasting
  2473 | D:3      | Reached XP level 5. HP: 37/37 MP: 0/0
  2473 | D:3      | Learned a level 2 spell: Ensorcelled Hibernation
  3041 | D:3      | Found a sacrificial altar of Ru.
  3149 | D:3      | Found a hide-covered altar of Uskayaw.
  3149 | D:3      | Found a stormy altar of Qazlal.
  3157 | D:3      | Found a snail-covered altar of Cheibriados.
  3159 | D:3      | Found a faded altar of an unknown god.
  3161 | D:3      | Found a glowing silver altar of Zin.
  3165 | D:3      | Prayed at the altar of an unknown god.
  3165 | D:3      | Became a worshipper of the Shining One
  3165 | D:3      | Reached * piety under the Shining One
  3264 | D:4      | Found a glowing drain.
  3301 | Sewer    | Entered a sewer
  3526 | Sewer    | Noticed a bullfrog
  3529 | Sewer    | Noticed a bullfrog
  3549 | Sewer    | Killed a bullfrog
  3550 | Sewer    | Reached skill level 5 in Spellcasting
  3550 | Sewer    | Reached XP level 6. HP: 15/42 MP: 0/0
  3556 | Sewer    | HP: 1/42 [bullfrog (3)]
  3557 | Sewer    | The Shining One protects you from harm!
  4095 | D:4      | Found a basalt altar of Yredelemnul.
  4291 | D:4      | Reached XP level 7. HP: 40/47 MP: 0/0
  4291 | D:4      | Learned a level 3 spell: Tukima's Dance
  4446 | D:4      | Reached skill level 1 in Crossbows
  4446 | D:4      | Reached skill level 6 in Spellcasting
  4794 | D:4      | Found a staircase to the Ecumenical Temple.
  4873 | D:4      | Noticed a hornet
  4876 | D:4      | Reached ** piety under the Shining One
  4881 | D:4      | Killed a hornet
  4882 | D:4      | Reached XP level 8. HP: 30/52 MP: 0/0
  5238 | D:5      | Entered Level 5 of the Dungeon
  5522 | D:5      | Found Terch's Assorted Antiques.
  5645 | D:5      | Found a bloodstained altar of Trog.
  5908 | D:6      | Reached skill level 7 in Spellcasting
  6048 | D:6      | Reached XP level 9. HP: 26/57 MP: 0/0
  6048 | D:6      | Learned a level 4 spell: Cause Fear
  6566 | D:6      | Reached skill level 1 in Armour
  6814 | D:6      | Found a large runed translucent door.
  6814 | D:6      | Found a large runed translucent door.
  6853 | D:6      | Noticed Sigmund
  6864 | D:6      | Killed Sigmund
  6974 | D:6      | Found an ornate altar of the Wu Jian Council.
  6981 | D:6      | Reached skill level 5 in Crossbows
  7377 | D:7      | Noticed a six-headed hydra
  7377 | D:7      | Noticed a two-headed ogre
  7608 | D:7      | Reached skill level 8 in Spellcasting
  7612 | D:7      | Noticed a cyclops
  7754 | D:7      | Killed a cyclops
  7755 | D:7      | Reached XP level 10. HP: 41/62 MP: 0/0
  8251 | D:7      | Mangled by a two-headed ogre

Illustrated notes

Levels and vault maps discovered:
D:1:      dpeg_arrival_erosion, layout_basic, hellmonk_ecumenical_altar_blasted,
          minmay_misc_feat_nine_boxes
D:2:      layout_loops_ring, fountainhead, minmay_tree_intersection,
          minmay_goblin_kobold_house
D:3:      layout_basic, chequers_temple_overflow_minitemple,
          nicolae_ru_path_of_blood, minivault_27
D:4:      layout_basic, amcnicky_altar_gilded, minmay_temple_entry_butterflies,
          gup_sewer_entry_glass, minmay_misc_feat_columns
D:5:      layout_cave_pools, trog_hazing_becter, serial_shops,
          nicolae_shop_temple_entry_statues_fountains
D:6:      layout_basic, jmf_multi_god_temple2, uniq_sigmund
D:7:      minmay_the_grid_four_pointed_star
          [minmay_the_grid_triangle_9x9_minimal,
          minmay_the_grid_triangle_9x9_dagger,
          minmay_the_grid_triangle_9x9_tough_junction,
          minmay_the_grid_triangle_9x9_sprig,
          minmay_the_grid_prize_inner_circle], layout_rooms

Skill      XL: |  1  2  3  4  5  6  7  8  9 |
---------------+----------------------------+-----
Spellcasting   | 3 4 5 6 7 8 |  8.2
Crossbows      | 2 4 6 |  6.0
Armour         | 4 |  4.3
Fighting       | |  1.0
Short Blades   | |  2.6
Dodging        | |  0.9
Stealth        | |  2.4
Invocations    | |  0.7

Action                   |  1- 3 |  4- 6 |  7- 9 | 10-12 || total
-------------------------+-------+-------+-------+-------++-------
Melee: Short sword       |    85 |   204 |     7 |       ||   296
       Punch             |     1 |     2 |       |       ||     3
 Fire: Arbalest          |       |       |   214 |    20 ||   234
 Cast: Beastly Appendage |     1 |       |       |       ||     1
       Ensorcelled Hiber |       |     1 |       |       ||     1
       Tukima's Dance    |       |       |     1 |       ||     1
  Use: Scroll            |       |     2 |       |       ||     2
 Stab: Sleeping          |     6 |     9 |       |       ||    15
Armor: Robe              |    12 |    73 |    35 |       ||   120
       Ring mail         |       |       |    64 |     5 ||    69
Dodge: Dodged            |    38 |   114 |    78 |    12 ||   242

Table legend: (Time is in decaauts)
 A = Elapsed time spent in this place.
 B = Non-inter-level travel time spent in this place.
 C = Inter-level travel time spent in this place.
 D = Time resting spent in this place.
 E = Time spent auto-exploring this place.
 F = Levels seen in this place.
 G = Mean time per level.
                   A        B        C        D        E       F      G
               +--------+--------+--------+--------+--------+-----+--------+
         Total |   8399 |   8142 |    257 |    711 |   5953 |   8 | 1049.9 |
       Dungeon |   7730 |   7473 |    257 |    424 |   5750 |   7 | 1104.3 |
         Sewer |    668 |    668 |      0 |    287 |    203 |   1 |  668.0 |
               +--------+--------+--------+--------+--------+-----+--------+

Top non-repeatable levels by time:
     D:6: 1620 daAuts
     D:4: 1348 daAuts
     D:2: 1298 daAuts
     D:1: 1100 daAuts
     D:7: 891 daAuts
     D:3: 838 daAuts
   Sewer: 668 daAuts
     D:5: 633 daAuts
